 Dungeon Crawl Stone Soup version 0.17-a0-977-g4154171 (webtiles) character file.

88708 Oper80 the Warrior (level 15, 0/141 HPs)
             Began as a Ghoul Monk on May 10, 2015.
             Was the Champion of Qazlal.
             Slain by a five-headed hydra (4 damage)
             ... on level 15 of the Dungeon.
             The game lasted 04:15:32 (26727 turns).

Oper80 the Warrior (Ghoul Monk)                    Turns: 26727, Time: 04:15:32

Health: 0/141      AC: 18    Str: 24    XL:     15   Next: 94%
Magic:  20/20      EV:  2    Int:  2    God:    Qazlal [******]
Gold:   1032       SH:  0    Dex: 17    Spells: 1 memorised, 11 levels left

rFire  . . .     SeeInvis .       - Unarmed
rCold  + + .     Clarity  .     k - +0 ring mail "Loir" {rElec rC+ Slay+2}
rNeg   + + +     SustAb   .     (no shield)
rPois  ∞         Gourm    .     I - +1 helmet
rElec  +         Spirit   .     C - +2 cloak
rCorr  +         Warding  .     (no gloves)
rMut   .         Stasis   .     g - +1 pair of boots
MR     .....                    P - amulet of Keil Tai {rCorr MR- Str+6 Int-3 Slay+2}
Stlth  +.........               X - ring of invisibility
                                G - +2 ring of dexterity

@: petrified, protected from physical damage, very slightly contaminated,
rotting, repel missiles, not resistant to hostile enchantments, very unstealthy
A: rotting body, claws 1, carnivore 3, cold resistance 1, negative energy
resistance 3, slow healing 1, torment resistance, unbreathing
a: Upheaval, Elemental Force, Disaster Area, Renounce Religion, Evoke
Invisibility


You were on level 15 of the Dungeon.
You worshipped Qazlal.
Qazlal was exalted by your worship.
You were not hungry.

You visited 3 branches of the dungeon, and saw 24 of its levels.

You collected 1432 gold pieces.
You spent 400 gold pieces at shops.

Inventory:

Armour
 a - a +3 ring mail of fire resistance
 g - a +1 pair of boots (worn)
 j - a +2 pair of gloves
 k - the +0 ring mail "Loir" (worn) {rElec rC+ Slay+2}
   (You found it on level 9 of the Dungeon)

   It affects your accuracy and damage with ranged weapons and melee attacks
   (+2).
   It protects you from cold.
   It insulates you from electricity.
 o - a steam dragon hide
 u - an ice dragon hide
 C - a +2 cloak (worn)
 I - a +1 helmet (worn)
 W - a troll hide
Jewellery
 v - an uncursed amulet of guardian spirit
 y - an uncursed ring of see invisible
 F - an uncursed ring of stealth
 G - a +2 ring of dexterity (left claw)
 P - the amulet of Keil Tai (around neck) {rCorr MR- Str+6 Int-3 Slay+2}
   (You found it on level 8 of the Lair of Beasts)

   [amulet of resist corrosion]

   It protects you from acid and corrosion.
   It affects your strength (+6).
   It affects your intelligence (-3).
   It affects your accuracy and damage with ranged weapons and melee attacks
   (+2).
   It affects your resistance to hostile enchantments.
 U - an uncursed ring of wizardry
 X - a ring of invisibility (right claw)
Magical devices
 h - a wand of draining (5)
 B - a wand of random effects (26)
 J - a wand of flame (30)
 L - a wand of flame (23)
 M - a wand of fireball (2)
 Q - a wand of magic darts (15)
 T - a wand of slowing (20)
 Y - a wand of cold (6)
Scrolls
 e - 6 scrolls of identify
 f - 3 scrolls of enchant armour
 l - 3 scrolls of magic mapping
 n - 3 scrolls of recharging
 p - a scroll of amnesia
 q - 7 scrolls of teleportation
 s - 2 scrolls of enchant weapon
 x - 12 scrolls of remove curse
 K - a scroll of summoning
 S - a scroll of brand weapon
 V - a scroll of acquirement {unknown}
 Z - a scroll of fear
Potions
 i - 2 potions of might
 z - a potion of haste
 A - a potion of cancellation
 D - 6 potions of curing
 H - 3 potions of agility
 N - 3 potions of heal wounds
 O - a potion of brilliance
 R - 3 potions of ambrosia
Books
 w - a book of Party Tricks

   Spells                             Type                      Level
   a - Summon Butterflies             Summoning                    1
   b - Apportation                    Translocation                1
   c - Tukima's Dance                 Hexes                        3
   d - Alistair's Intoxication        Transmutation/Poison         4
   e - Invisibility                   Hexes                        6
 E - a Necronomicon {highlevel, unknown}

   This book is beyond your current level of understanding.

   Spells                             Type                      Level
   a - Haunt                          Necromancy/Summoning         7
   b - Borgnjor's Revivification      Necromancy                   8
   c - Death's Door                   Charms/Necromancy            8
   d - Necromutation                  Transmutation/Necromancy     8
Comestibles
 b - 11 meat rations
 c - 6 chunks of flesh
 m - 4 royal jellies
 t - 16 beef jerkies


   Skills:
 * Level 15.0 Fighting
 + Level 8.4 Armour
 * Level 12.6 Dodging
 - Level 10.0 Stealth
 * Level 14.7 Unarmed Combat
 + Level 2.0 Transmutations
 - Level 4.2 Earth Magic
 - Level 9.0 Invocations
 * Level 1.9 Evocations


You had 11 spell levels left.
You knew the following spells:

 Your Spells              Type           Power        Failure   Level  Hunger
a - Passwall              Trmt/Erth      #.........   82%         3    ####...


Dungeon Overview and Level Annotations

Branches:
Dungeon (15/15)            Temple (1/1) D:6            Lair (8/8) D:9
  Swamp (0/4) Lair:4       Spider (0/4) Lair:4        Slime (0/6) Lair:7
    Orc (0/4) D:12         Vaults (0/5) D:14
 Depths: D:15

Altars:
Ashenzari
Cheibriados
Dithmenos
Elyvilon
Fedhas
Gozag
Makhleb
Nemelex Xobeh
Okawaru
Qazlal
Ru
Sif Muna
Trog
Vehumet
Xom
Yredelemnul
Zin
The Shining One

Shops:
D:6 [   D:7 =   D:14 (


Innate Abilities, Weirdness & Mutations

Your body is rotting away.
You thrive on raw meat.
You are immune to poison.
You have sharp fingernails.
You are carnivorous and can eat meat at any time.
Your flesh is cold resistant.
You are immune to negative energy.
You heal slowly when monsters are visible.
You are immune to unholy pain and torment.
You can survive without breathing.


Message History

You feel less confused. The titanic slime creature hits you!
* * * LOW HITPOINT WARNING * * *
The five-headed hydra is engulfed in roaring flames.
The five-headed hydra bites you but does no damage. x5
The hill giant is engulfed in freezing vapours.
The hill giant hits you with a giant club!
* * * LOW HITPOINT WARNING * * *
The basilisk bites you but does no damage.
The titanic slime creature hits you!!
* * * LOW HITPOINT WARNING * * *
You feel more protected from physical attacks.
The five-headed hydra bites you but does no damage. x2
The five-headed hydra bites you!
* * * LOW HITPOINT WARNING * * *
You feel more protected from physical attacks.
The five-headed hydra bites you!
* * * LOW HITPOINT WARNING * * *
The five-headed hydra bites you!
You die...

...## #.... #.
#...### #.###!..#.##
###.. .....#.# ....
§§§§..# ..#
#DCo..##. #.#
#@lJ.o...
#%#####.####J#o.....
#[.....W...5W# .<###
######.###### .#
###########.# ..
#.......5..5# .. .
#.#####.##### # #.
#..§.### .# ##
##.§.§.#############
..#.


You could see a five-headed hydra, a titanic slime creature, a hill giant, a
hungry ghost, a basilisk, an orc warrior, a jelly, 2 orcs and an ufetubus.

Vanquished Creatures
  Maud (D:14)
  Nessos (Lair:7)
  Josephine (Lair:7)
  Fannar (D:10)
  An ice dragon (Lair:6)
  6 hydras
  A catoblepas (Lair:8)
  The ghost of Somebody the Covert, an experienced NaWr of Kikubaaqudgha (D:9)
  A centaur warrior (D:13)
  28 death yaks
  A deep troll shaman (Lair:8)
  A tengu warrior (D:14)
  Urug (D:11)
  4 unseen horrors
  5 hill giants
  An orb spider (Lair:4)
  Pikel (D:8)
  2 necromancers (D:14)
  A wizard (D:14)
  3 griffons
  11 ugly things
  3 black mambas
  7 elephants (Lair:8)
  A wolf spider (Lair:1)
  2 cyclopes
  Maurice (D:9)
  2 torpor snails
  6 komodo dragons
  A gargoyle (D:13)
  12 spiny frogs
  2 efreet
  2 wandering mushrooms (D:8)
  2 two-headed ogres
  20 blink frogs
  2 fire drakes
  A polar bear (Lair:8)
  A freezing wraith (D:15)
  Grinder (D:5)
  Prince Ribbit (D:5)
  4 trolls
  4 ravens (D:14)
  8 slime creatures
  A shadow (D:12)
  3 wyverns
  Sigmund (D:5)
  2 deep elf magi
  A hungry ghost (D:11)
  2 basilisks
  8 wraiths
  9 hippogriffs
  37 yaks
  2 vampire mosquitoes (D:12)
  A vampire (D:14)
  2 steam dragons
  6 wargs
  Menkaure (D:6)
  22 wolves
  6 orc warriors
  11 sky beasts
  13 porcupines
  3 slaves
  2 black bears
  10 water moccasins
  3 centaurs
  5 ice beasts
  An eye of draining (D:15)
  7 ogres
  A wasp (D:12)
  3 phantoms
  2 big kobolds
  14 crocodiles
  A brain worm (D:12)
  Blork the orc (D:5)
  A wyvern zombie (D:13)
  12 giant frogs
  A gnoll sergeant (D:6)
  4 scorpions
  15 killer bees
  A quasit (D:14)
  2 lava snakes (D:10)
  11 crimson imps
  2 jellies
  A wasp zombie (D:10)
  3 giant frog skeletons
  15 orc priests
  2 centaur zombies
  19 orc wizards
  Crazy Yiuf (D:5)
  6 centaur skeletons
  7 hounds
  11 worker ants
  Jessica (D:3)
  Natasha (thrice) (D:3)
  8 iguanas
  10 sheep
  A hound skeleton (D:10)
  A worker ant zombie (D:5)
  11 gnolls
  98 river rats
  20 adders
  4 shadow imps
  4 oozes (Lair:7)
  2 adder zombies
  A worm (D:4)
  74 orcs
  16 bats
  3 bat skeletons
  A bat zombie (D:6)
  4 giant cockroaches
  13 hobgoblins
  3 jackals (D:5)
  26 kobolds
  A quokka (D:4)
  2 ball pythons
  A giant cockroach zombie (D:5)
  11 giant geckos
  4 giant newts
  7 goblins
  A jackal zombie (D:5)
  10 rats
  A ballistomycete (D:8)
  3 bushes
  78 fungi
  61 plants
935 creatures vanquished.

Vanquished Creatures (collateral kills)
  A giant cockroach (D:7)
1 creature vanquished.

Vanquished Creatures (others)
  A komodo dragon (Lair:7)
  An orc wizard (D:10)
  A giant spore (D:8)
  6 fungi
  8 plants
17 creatures vanquished.

Grand Total: 953 creatures vanquished

Notes
Turn   | Place    | Note
--------------------------------------------------------------
     0 | D:1      | Oper80, the Ghoul Monk, began the quest for the Orb.
     0 | D:1      | Reached XP level 1. HP: 19/19 MP: 0/0
   451 | D:1      | Reached XP level 2. HP: 26/26 MP: 1/1
  1063 | D:2      | Reached XP level 3. HP: 29/31 MP: 2/2
  1189 | D:2      | Reached skill level 5 in Unarmed Combat
  1628 | D:2      | Reached XP level 4. HP: 29/38 MP: 3/3
  1967 | D:3      | Noticed Natasha
  1977 | D:3      | Killed Natasha
  2022 | D:3      | Reached XP level 5. HP: 27/47 MP: 4/4
  2165 | D:3      | Reached skill level 1 in Armour
  2286 | D:3      | Noticed Natasha
  2291 | D:3      | Killed Natasha
  2304 | D:3      | Noticed Natasha
  2311 | D:3      | Killed Natasha
  2473 | D:3      | Noticed Jessica
  2486 | D:3      | Killed Jessica
  2486 | D:3      | Reached XP level 6. HP: 43/55 MP: 5/5
  2498 | D:3      | Found a glowing golden altar of the Shining One.
  3301 | D:4      | Reached skill level 5 in Fighting
  3572 | D:5      | Entered Level 5 of the Dungeon
  3580 | D:5      | Noticed Prince Ribbit
  3834 | D:5      | Reached XP level 7. HP: 46/61 MP: 6/6
  3889 | D:5      | Reached skill level 6 in Unarmed Combat
  3966 | D:5      | Noticed Sigmund
  3974 | D:5      | Killed Sigmund
  4014 | D:5      | Noticed Grinder
  4068 | D:5      | Killed Grinder
  4247 | D:5      | Reached XP level 8. HP: 68/70 MP: 7/7
  4431 | D:5      | Found a white marble altar of Elyvilon.
  4695 | D:5      | Noticed Blork the orc
  4715 | D:5      | Killed Blork the orc
  4715 | D:5      | Reached skill level 5 in Dodging
  4906 | D:5      | Killed Prince Ribbit
  4906 | D:5      | Reached skill level 5 in Stealth
  4906 | D:5      | Reached skill level 7 in Unarmed Combat
  5184 | D:5      | Noticed Crazy Yiuf
  5191 | D:5      | Paralysed by Crazy Yiuf for 3 turns
  5196 | D:5      | Killed Crazy Yiuf
  5652 | D:6      | Noticed Menkaure
  5827 | D:6      | Found a staircase to the Ecumenical Temple.
  5842 | Temple   | Entered the Ecumenical Temple
  5898 | Temple   | Became a worshipper of Ru the Awakened
  5988 | D:6      | Found Gih Jusi's Armour Boutique.
  6361 | D:6      | Killed Menkaure
  6361 | D:6      | Reached XP level 9. HP: 54/79 MP: 8/8
  6956 | D:6      | Reached skill level 8 in Unarmed Combat
  8650 | D:7      | Found Pept's Jewellery Emporium.
  8653 | D:7      | Bought an uncursed ring of see invisible for 150 gold pieces
  8653 | D:7      | Bought an uncursed ring of stealth for 175 gold pieces
  8653 | D:7      | Bought a +2 ring of dexterity for 75 gold pieces
  9029 | D:8      | Found a shattered altar of Ashenzari.
  9425 | D:8      | Noticed a wandering mushroom
  9432 | D:8      | Killed a wandering mushroom
  9432 | D:8      | Reached XP level 10. HP: 68/90 MP: 7/9
  9536 | D:8      | Noticed a wandering mushroom
  9545 | D:8      | Killed a wandering mushroom
  9545 | D:8      | Reached skill level 9 in Unarmed Combat
  9598 | D:8      | Found a blossoming altar of Fedhas.
  9598 | D:8      | Noticed a wandering mushroom
  9598 | D:8      | Noticed a wandering mushroom
 10225 | Temple   | Fell from the grace of Ru
 10279 | Temple   | Became a worshipper of Qazlal Stormbringer
 10467 | D:9      | Found a shimmering altar of Xom.
 10467 | D:9      | Found a shattered altar of Ashenzari.
 10475 | D:9      | Noticed Somebody's ghost (experienced NaWr)
 10533 | D:9      | Killed Somebody's ghost
 10813 | D:9      | Noticed Maurice
 10846 | D:9      | Got a bloodstained ring mail
 10852 | D:9      | Identified the cursed +0 ring mail "Loir" {rElec rC+ Slay+2} (You found it on level 9 of the Dungeon)
 10908 | D:9      | Killed Maurice
 10908 | D:9      | Acquired Qazlal's first power
 11080 | D:9      | Found a staircase to the Lair.
 11134 | D:9      | Reached XP level 11. HP: 35/99 MP: 4/10
 11502 | D:9      | Noticed Pikel
 11561 | D:8      | Killed Pikel
 11561 | D:8      | Reached skill level 10 in Unarmed Combat
 11943 | D:9      | Reached skill level 10 in Fighting
 12001 | D:10     | Entered Level 10 of the Dungeon
 12144 | D:10     | Acquired Qazlal's second power
 12177 | D:10     | Noticed Fannar
 12422 | D:10     | Killed Fannar
 12453 | D:10     | Found a glowing silver altar of Zin.
 13003 | D:10     | Noticed an unseen horror
 13020 | D:10     | Killed an unseen horror
 13881 | D:11     | Noticed an unseen horror
 13886 | D:11     | Killed an unseen horror
 13938 | D:11     | Found an iron altar of Okawaru.
 13994 | D:11     | Acquired Qazlal's third power
 14530 | D:11     | Reached skill level 11 in Unarmed Combat
 14530 | D:11     | Reached XP level 12. HP: 76/108 MP: 6/11
 14607 | D:12     | Noticed Urug
 14629 | D:11     | Killed Urug
 14629 | D:11     | Reached skill level 5 in Armour
 14629 | D:11     | Reached skill level 1 in Invocations
 14831 | D:12     | Noticed a hill giant
 14844 | D:12     | Killed a hill giant
 14923 | D:12     | Acquired Qazlal's fourth power
 15027 | D:12     | Found a staircase to the Orcish Mines.
 15569 | D:12     | Noticed a hill giant
 15578 | D:12     | Killed a hill giant
 15742 | D:13     | Found a labyrinth entrance.
 16027 | D:12     | Reached skill level 12 in Unarmed Combat
 16204 | Lair:1   | Entered Level 1 of the Lair of Beasts
 16218 | Lair:1   | Reached skill level 10 in Dodging
 16294 | Lair:1   | Reached skill level 5 in Invocations
 16294 | Lair:1   | Reached XP level 13. HP: 103/116 MP: 12/15
 17142 | Lair:2   | Acquired Qazlal's fifth power
 19042 | Lair:4   | Found a hole to the Spider Nest.
 19153 | Lair:3   | Reached skill level 10 in Stealth
 19271 | Lair:4   | Reached skill level 13 in Unarmed Combat
 19399 | Lair:4   | Found a staircase to the Swamp.
 19587 | Lair:4   | Reached XP level 14. HP: 127/127 MP: 18/18
 20621 | Lair:5   | Learned a level 3 spell: Passwall
 21044 | Lair:6   | Reached skill level 1 in Earth Magic
 21319 | Lair:6   | Identified Suax's Reference Book on Augmentations and Transformation
 22116 | Lair:7   | Found a staircase to the Slime Pits.
 22168 | Lair:7   | Noticed Josephine
 22176 | Lair:7   | Killed Josephine
 22258 | Lair:7   | Noticed Nessos
 22275 | Lair:7   | Killed Nessos
 22873 | Lair:8   | Entered Level 8 of the Lair of Beasts
 23160 | Lair:7   | Reached skill level 14 in Unarmed Combat
 23359 | Lair:8   | Reached XP level 15. HP: 132/138 MP: 20/20
 24441 | Lair:8   | Got a faintly glowing silver amulet
 24448 | Lair:8   | Identified the amulet of Keil Tai {rCorr MR- Str+6 Int-3 Slay+2} (You found it on level 8 of the Lair of Beasts)
 25289 | D:14     | Found Woxey's Antique Weapon Shop.
 25317 | D:13     | Reached skill level 1 in Transmutations
 25887 | D:13     | Reached skill level 1 in Evocations
 26194 | D:14     | Noticed Maud
 26202 | D:14     | Killed Maud
 26519 | D:14     | Found a gate to the Vaults.
 26606 | D:15     | Entered Level 15 of the Dungeon
 26647 | D:15     | Reached skill level 15 in Fighting
 26727 | D:15     | HP: 7/141 [five-headed hydra (5)]
 26727 | D:15     | Slain by a five-headed hydra

Vault maps used:
D:1:      onia_arrival_mini_spirals
D:2:      corexii_hall_statues_i
D:3:      nicolae_tso_carved_into_rock, uniq_natasha, uniq_sigmund, uniq_jessica
D:4:      first_bread, minmay_misc_feat_alley
D:5:      elyvilon_altar_1, uniq_crazy_yiuf_cottage, uniq_prince_ribbit1,
          uniq_grinder, uniq_blork_the_orc
D:6:      minmay_temple_entry_junction, serial_shops, nicolae_shop_crystal,
          grunt_tough_drop, uniq_menkaure
D:7:      serial_shops, shop, minivault_25
D:8:      hangedman_tree_tricks, cheibrodos_ashenzari_chains
D:9:      nicolae_overflow_hidden_temple, erik_lair_orcish_takeover,
          evilmike_butchery, uniq_maurice, uniq_pikel
D:10:     wad_woods_stonehenge, hangedman_decor_push,
          kennysheep_opposing_triangles, uniq_fannar
D:11:     basic_altar
D:12:     minmay_orc_entry_guard_dogs, uniq_urug
D:13:     lab_entry_generic, st_stairs_8, dk_noncrumbling_3
D:14:     david_vaults_1, serial_shops, nicolae_shop_window_shopping,
          roderic_digamma_sauvastika, uniq_maud
D:15:     grunt_enter_depths_giant_problem, moated_statue
Temple:   lightli_temple_of_artemis
Lair:1:   minmay_lair_venomous_thicket
Lair:2:   minivault_25
Lair:3:   minmay_stone_trees_small
Lair:4:   swamp_mist, nicolae_spider_entry_orb_guardian, beast_lair_carwin_3
Lair:5:   grunt_forest_small_clearing_treed
Lair:6:   dragon1_lemuel, st_stairs_5
Lair:7:   nicolae_slime_entry_slimehenge, uniq_nessos, uniq_josephine
Lair:8:   grunt_lair_end_beastmaster, st_stairs_12

Action                   |  1- 3 |  4- 6 |  7- 9 | 10-12 | 13-15 || total
-------------------------+-------+-------+-------+-------+-------++-------
Melee: Unarmed           |   105 |   216 |   493 |   986 |  1213 ||  3013
Invok: Renounce Religion |       |       |       |     1 |       ||     1
       Upheaval          |       |       |       |     1 |       ||     1
       Elemental Force   |       |       |       |     1 |       ||     1
Evoke: Wand              |       |       |       |     6 |    16 ||    22
  Use: Potion            |     3 |     4 |     2 |     3 |    11 ||    23
       Scroll            |       |    12 |     7 |     5 |    11 ||    35
 Stab: Sleeping          |     4 |     4 |    13 |     4 |       ||    25
       Invisible         |       |     1 |     1 |       |       ||     2
       Distracted        |       |       |     9 |       |     1 ||    10
  Eat: Chunk             |    12 |    43 |    76 |   119 |   212 ||   462
